 Dungeon Crawl Stone Soup version 0.24.0-1-gfbc8707 (webtiles) character file.

Game seed: 14923785038631561783, levelgen mode: deterministic

100610 BoppinsLewinski the Fighter (level 16, -3/107 HPs)
             Began as a Gargoyle Monk on Oct 26, 2019.
             Was a High Priest of Okawaru.
             Slain by a harpy (14 damage)
             ... summoned by Kirke
             ... on level 2 of the Swamp on Oct 27, 2019.
             The game lasted 01:26:43 (31486 turns).

BoppinsLewinski the Fighter (Gargoyle Monk)        Turns: 31486, Time: 01:26:44

Health: -3/107     AC:  0    Str: 21    XL:     16   Next: 28%
Magic:  23/23      EV: 21    Int: 12    God:    Okawaru [*****.]
Gold:   2505       SH:  0    Dex: 12    Spells: 15/15 levels left

rFire    . . .     SeeInvis .   (weapon currently unavailable)
rCold    . . .     Gourm    .   (shield currently unavailable)
rNeg     + . .     Faith    .   (armour currently unavailable)
rPois    ∞         Spirit   .   (helmet currently unavailable)
rElec    .         Reflect  .   (cloak currently unavailable)
rCorr    .         Harm     .   (gloves currently unavailable)
MR       +....                  (boots currently unavailable)
Stlth    ++........             s - amulet of rage
HPRegen  0.27/turn              (ring currently unavailable)
MPRegen  0.18/turn              (ring currently unavailable)

@: pig-form, flying, very quick
A: small, negative energy resistance 1, petrification resistance, rot immunity,
AC +12
a: Heroism, Finesse, Renounce Religion, Evoke Berserk Rage


You were on level 2 of the Swamp.
You worshipped Okawaru.
Okawaru was extremely pleased with you.
You were hungry.
You were a filthy swine.
You visited 4 branches of the dungeon, and saw 25 of its levels.
You also visited: Sewer and Ossuary.

You collected 2527 gold pieces.
You spent 22 gold pieces at shops.

Inventory:

Hand Weapons
 a - a +0 great mace of protection (melded)
 h - a +2 whip of flaming
 l - a +0 morningstar
 M - a +1 dire flail of protection
Armour
 j - a +0 plate armour of magic resistance
 p - a scarf of cloud immunity
 q - the +0 pair of boots of Imperfection (melded) {rPois Regen+}
   (Okawaru gifted it to you on level 6 of the Lair of Beasts)

   It protects you from poison.
   It increases your rate of regeneration.
 y - a scarf of resistance (melded)
 N - a +0 pair of gloves (melded)
 P - a +0 helmet (melded)
 T - a +10 plate armour of ponderousness (melded)
Jewellery
 d - an uncursed ring of wizardry {unknown}
 g - an uncursed amulet of regeneration
 m - a +5 ring of intelligence {unknown}
 r - a +5 ring of protection (melded)
 s - an amulet of rage (around neck)
 t - a +3 ring of strength {unknown}
 x - a ring of protection from magic (melded)
 D - a +2 amulet of reflection
 H - the ring "Zegaet" {rPois rC- MR+ Str+3 Dex+4}
   (You found it on level 15 of the Dungeon)

   [ring of strength]

   It affects your strength (+3).
   It affects your dexterity (+4).
   It makes you vulnerable to cold.
   It protects you from poison.
   It affects your resistance to hostile enchantments.
 L - an uncursed ring of fire {unknown}
Wands
 k - a wand of flame (54)
 E - a wand of disintegration (13)
 F - a wand of iceblast (39)
 G - a wand of acid (3)
 K - a wand of polymorph (25)
 O - a wand of random effects (25)
Scrolls
 b - 2 scrolls of fear
 e - 5 scrolls of enchant armour
 n - 10 scrolls of remove curse
 o - 2 scrolls of torment
 u - 20 scrolls of teleportation
 z - 3 scrolls of identify
 A - 3 scrolls of amnesia
 B - 2 scrolls of immolation
 Q - 2 scrolls of blinking
 R - a scroll of silence
Potions
 f - 2 potions of haste
 i - 3 potions of brilliance
 w - 5 potions of flight
 I - a potion of mutation
 J - a potion of magic
 S - a potion of ambrosia
 U - a potion of might
 V - a potion of agility
Comestibles
 c - 29 rations


   Skills:
 + Level 14.5 Fighting
 * Level 13.8 Maces & Flails
 + Level 11.6 Armour
 + Level 11.3 Dodging
 - Level 2.1 Stealth
 - Level 9.9 Invocations
 + Level 9.6 Evocations


You had 15 spell levels left.
You didn't know any spells.
Your spell library contained the following spells:

 Spells                   Type           Power        Failure   Level  Hunger
 Animate Skeleton         Necr           N/A          32%         1    ##.....
 Apportation              Tloc           #.....       32%         1    ##.....
 Confusing Touch          Hex            #.....       32%         1    ##.....
 Freeze                   Ice            #...         32%         1    ##.....
 Infusion                 Chrm           #...         32%         1    ##.....
 Magic Dart               Conj           #...         32%         1    ##.....
 Summon Small Mammal      Summ           #...         32%         1    ##.....
 Blink                    Tloc           N/A          45%         2    ###....
 Call Imp                 Summ           #.......     45%         2    ###....
 Corpse Rot               Necr           N/A          45%         2    ###....
 Shroud of Golubria       Chrm/Tloc      #.....       45%         2    ###....
 Slow                     Hex            #.......     45%         2    ###....
 Song of Slaying          Chrm           #.......     45%         2    ###....
 Throw Frost              Conj/Ice       #.....       45%         2    ###....
 Call Canine Familiar     Summ           #.......     69%         3    ####...
 Confuse                  Hex            #.......     69%         3    ####...
 Conjure Flame            Conj/Fire      #.......     69%         3    ####...
 Gell's Gravitas          Tloc           #.........   69%         3    ####...
 Mephitic Cloud           Conj/Pois/Air  #.......     69%         3    ####...
 Ozocubu's Armour         Chrm/Ice       #.......     69%         3    ####...
 Regeneration             Chrm/Necr      #.........   69%         3    ####...
 Spectral Weapon          Hex/Chrm       #.......     69%         3    ####...
 Summon Guardian Golem    Hex/Summ       #.......     69%         3    ####...
 Petrify                  Tmut/Erth      #.......     97%         4    #####..
 Summon Ice Beast         Ice/Summ       #.......     97%         4    #####..
 Summon Lightning Spire   Summ/Air       #.......     97%         4    #####..
 Throw Icicle             Conj/Ice       #.......     97%         4    #####..
 Agony                    Necr           #.......     100%        5    ######.
 Bolt of Draining         Conj/Necr      #.........   100%        5    ######.
 Bolt of Magma            Conj/Fire/Erth #.........   100%        5    ######.
 Dispel Undead            Necr           #.......     100%        5    ######.
 Excruciating Wounds      Chrm/Necr      #.........   100%        5    ######.
 Iskenderun's Battlesphe  Conj/Chrm      #.......     100%        5    ######.
 Metabolic Englaciation   Hex/Ice        #.........   100%        5    ######.
 Venom Bolt               Conj/Pois      #.........   100%        5    ######.
 Yara's Violent Unravell  Hex/Tmut       #.........   100%        5    ######.
 Iron Shot                Conj/Erth      #.........   100%        6    #######
 Orb of Destruction       Conj           #.........   100%        7    #######
 Spellforged Servitor     Conj/Summ      #.........   100%        7    #######
 Sublimation of Blood     Necr           Unusable     N/A         2    N/A

Dungeon Overview and Level Annotations

Branches:
Dungeon (15/15)            Temple (0/1) D:7            Lair (6/6) D:11
  Swamp (1/4) Lair:4       Spider (0/4) Lair:4        Slime (0/5) Lair:5
    Orc (2/2) D:12            Elf (0/3) Orc:2        Vaults (0/5) D:14
 Depths (0/5) D:15          Sewer (visited)         Ossuary (visited)

Altars:
Cheibriados
Dithmenos
Elyvilon
Fedhas
Hepliaklqana
Kikubaaqudgha
Okawaru
Wu Jian
Xom
Zin

Shops:
D:4 [*}}   D:9 !   D:11 *   D:15 [   Orc:1 (   Orc:2 [!**[

Annotations:
D:9 1 runed translucent door, Nuaczokh's ghost, novice MiFi
D:11 3 runed translucent doors, frimble's ghost, journeyman HOFi
Lair:1 1 runed translucent door, Sammaje's ghost, novice MiBe
Lair:2 exclusion: oklob plant
Lair:5 exclusion: 2 oklob plants
Swamp:2 Kirke
Orc:1 2 runed translucent doors, exclusion: orange crystal statue


Innate Abilities, Weirdness & Mutations

You are resistant to torment.
((Your stone body is resilient. (AC +12)))
You are immune to poison.
((Your large and strong wings let you fly indefinitely.))
You resist negative energy. (rN+)
((You are resistant to electric shocks. (rElec)))
((You can survive without breathing.))
You are immune to petrification.
You are immune to rotting.


Message History

The harpy screeches!
The harpy completely misses you. The harpy closely misses you.
Found a ring of protection.
A bog body comes into view.
The harpy misses you. The harpy claws you! The harpy claws you.
The harpy closely misses you. The harpy misses you.
The harpy closely misses you.
Found a stone staircase leading down.
The harpy completely misses you. The harpy closely misses you. x2
The harpy misses you. The harpy closely misses you.
The harpy completely misses you.
As you read the scroll of summoning, it crumbles to dust.
Wisps of shadow whirl around you... The harpy completely misses you.
The harpy closely misses you. The harpy claws your swamp dragon!
The harpy claws your swamp dragon. The harpy claws you!
* * * LOW HITPOINT WARNING * * *
The harpy claws you!
* * * LOW HITPOINT WARNING * * *
The harpy claws you!
You die...

♣≈≈≈.♣♣♣...♣♣♣ ♣>....
.≈≈≈.♣....≈≈≈♣ .§≈...
.≈≈≈.≈≈≈≈≈≈≈.♣♣♣♣♣.≈≈n.♣
≈≈≈≈≈≈≈≈≈≈§.♣♣≈..!....≈♣
≈≈≈≈≈.h≈≈≈§§♣§§§♣...≈≈≈.
≈≈≈≈.h≈H≈..§§§.§.≈≈§≈≈≈≈
.≈≈..≈≈≈≈§§§§§§.≈n≈≈≈≈≈≈
≈†....≈≈≈≈§§§≈≈..H≈..≈≈≈
♣♣♣♣≈...h≈≈≈H≈.HhD..=.≈≈
♣§.≈≈≈h≈≈≈..≈≈.≈≈≈...≈≈
♣≈≈≈≈≈≈≈≈≈.♣♣♣.w≈≈.≈≈≈≈
♣..≈≈..≈..♣♣ ♣≈.≈§.≈≈≈≈
≈...>....♣♣♣ ≈≈≈≈≈.≈≈..
≈§§...≈♣♣♣ ♣♣.≈≈≈.....
.≈≈?.≈.≈ ..≈≈≈≈....
≈≈≈≈.§...≈


You could see a sphinx, a bog body (dormant), 2 harpies, a friendly swamp
dragon, a friendly tyrant leech and a friendly bog body (wandering).

Vanquished Creatures
  An ironheart preserver (D:14)
  Harold (Lair:1)
  8 hydras
  A hell beast (D:15)
  12 two-headed ogres
  A centaur warrior (D:13)
  11 death yaks
  5 alligators
  4 tengu warriors (D:15)
  2 ogre magi (Orc:2)
  A spriggan druid (Swamp:2)
  A swamp dragon (Swamp:1)
  2 deep trolls (Orc:2)
  An orc knight (Orc:1)
  A manticore (shapeshifter) (D:13)
  2 ugly things
  A wolf spider (D:15)
  5 cyclopes
  2 deep elf magi
  3 orc sorcerers
  18 elephants
  A salamander (D:15)
  3 manticores
  Maurice (D:11)
  3 black mambas (Lair:6)
  2 gargoyles (D:14)
  A rust devil (D:15)
  9 spiny frogs
  A torpor snail (Lair:6)
  An orange demon (D:15)
  3 rime drakes
  2 kobold demonologists (D:15)
  2 tengu conjurers (D:15)
  9 komodo dragons
  A freezing wraith (D:15)
  7 polar bears
  A queen bee (D:13)
  17 trolls
  12 blink frogs
  5 tyrant leeches
  3 dream sheep (Lair:6)
  A bog body (Swamp:1)
  8 hornets
  Prince Ribbit (D:5)
  3 slime creatures (Swamp:1)
  8 hippogriffs
  3 redbacks (Lair:4)
  Sigmund (D:5)
  A centaur simulacrum (D:15)
  12 spriggans (Lair:6)
  A wyvern (D:11)
  A yak (shapeshifter) (D:14)
  A vampire (D:13)
  A wraith (D:13)
  A shadow (D:13)
  38 yaks
  A hog (Swamp:2)
  4 basilisks
  2 hungry ghosts
  10 vampire mosquitoes
  Menkaure (D:5)
  A warg (Orc:1)
  A swamp worm (shapeshifter) (D:15)
  9 insubstantial wisps (Swamp:1)
  3 swamp worms
  A soldier ant (D:14)
  2 acid dragons (D:14)
  A floating eye (shapeshifter) (D:15)
  13 water moccasins
  8 porcupines
  15 orc warriors
  4 ice beasts
  A swamp drake (D:11)
  3 sky beasts
  7 black bears
  29 ogres
  2 phantoms
  A necrophage (D:8)
  10 centaurs
  A hornet zombie (D:10)
  18 wolves
  5 boggarts (Lair:6)
  17 crocodiles
  2 elf zombies (Ossuary)
  Blork the orc (D:5)
  7 big kobolds
  13 bullfrogs
  A wyvern zombie (D:12)
  A wyvern skeleton (D:11)
  5 scorpions
  27 killer bees
  3 wights (D:15)
  6 electric eels (D:7)
  11 howler monkeys
  17 crimson imps
  A bullfrog zombie (D:11)
  7 centaur zombies
  A quasit (D:11)
  6 human zombies (Ossuary)
  4 jellies
  3 centaur skeletons
  8 hounds
  7 orc priests
  2 bullfrog skeletons
  19 orc wizards
  7 iron imps (D:15)
  5 iguanas
  9 worker ants
  A killer bee zombie (D:8)
  3 hound skeletons
  A hound zombie (D:7)
  3 mummies (Ossuary)
  A worker ant zombie (D:7)
  7 gnolls
  12 adders
  4 river rats
  6 shadow imps
  5 oozes (Sewer)
  An adder zombie (D:6)
  4 worms
  A dart slug (D:1)
  7 leopard geckos
  58 orcs
  4 ball pythons
  4 giant cockroaches
  4 goblins
  6 hobgoblins
  16 jackals
  42 kobolds
  7 quokkas
  4 bats
  6 frilled lizards
  A quokka zombie (D:5)
  14 rats
  A plant (D:7)
814 creatures vanquished.

Vanquished Creatures (others)
  6 fungi
  6 plants (Lair:6)
12 creatures vanquished.

Grand Total: 826 creatures vanquished

Notes
Turn   | Place    | Note
-------+----------+-------------------------------------------
     0 | D:1      | BoppinsLewinski the Gargoyle Monk began the quest for the
                  | Orb.
     0 | D:1      | Reached XP level 1. HP: 14/14 MP: 1/1
   413 | D:1      | Reached XP level 2. HP: 17/19 MP: 2/2
  1091 | D:1      | Reached XP level 3. HP: 23/23 MP: 3/3
  1620 | D:2      | Reached skill level 1 in Armour
  2373 | D:3      | Reached XP level 4. HP: 28/28 MP: 4/4
  2624 | D:3      | Reached XP level 5. HP: 30/33 MP: 5/5
  2950 | D:4      | Found Jeduav's Gadget Emporium.
  2988 | D:4      | Found Gexaocwe's Antique Armour Emporium.
  3016 | D:4      | Found a glowing drain.
  3034 | Sewer    | Entered a sewer
  3112 | Sewer    | Noticed a big kobold
  3123 | Sewer    | Killed a big kobold
  3123 | Sewer    | Reached skill level 5 in Maces & Flails
  3123 | Sewer    | Reached XP level 6. HP: 38/38 MP: 6/6
  3158 | Sewer    | Reached skill level 1 in Evocations
  3439 | Sewer    | Reached skill level 4 in Fighting
  3653 | Sewer    | Reached XP level 7. HP: 43/43 MP: 6/8
  4078 | D:4      | Found Esyug's General Store.
  4174 | D:4      | Found an ornate altar of the Wu Jian Council.
  4271 | D:4      | Found Vohamif's Gadget Emporium.
  4661 | D:5      | Entered Level 5 of the Dungeon
  4663 | D:5      | Reached XP level 8. HP: 48/48 MP: 9/9
  4823 | D:5      | Noticed Menkaure
  4825 | D:5      | Killed Menkaure
  5009 | D:5      | Found a snail-covered altar of Cheibriados.
  5201 | D:5      | Reached skill level 5 in Armour
  5302 | D:5      | Noticed Sigmund
  5311 | D:5      | Killed Sigmund
  5671 | D:5      | Noticed Prince Ribbit
  5671 | D:5      | Noticed Blork the orc
  5692 | D:5      | Killed Blork the orc
  5717 | D:5      | Killed Prince Ribbit
  5717 | D:5      | Reached XP level 9. HP: 42/52 MP: 11/11
  5867 | D:5      | Found an iron altar of Okawaru.
  5873 | D:5      | Became a worshipper of Warmaster Okawaru
  5873 | D:5      | Reached * piety under Okawaru
  5873 | D:5      | Reached ** piety under Okawaru
  6711 | D:6      | Found a sand-covered staircase.
  6716 | Ossuary  | Entered an ossuary
  6851 | Ossuary  | Reached skill level 5 in Fighting
  7373 | D:6      | Reached skill level 10 in Maces & Flails
  7416 | D:6      | Found a shadowy altar of Dithmenos.
  7685 | D:7      | Reached *** piety under Okawaru
  7730 | D:7      | Found a blossoming altar of Fedhas.
  7730 | D:7      | Found a white marble altar of Elyvilon.
  7887 | D:7      | Reached skill level 1 in Invocations
  7896 | D:7      | Reached XP level 10. HP: 53/60 MP: 13/13
  7911 | D:7      | Found a glowing silver altar of Zin.
  8041 | D:7      | Reached skill level 6 in Fighting
  8080 | D:7      | Found a staircase to the Ecumenical Temple.
  8649 | D:7      | Reached **** piety under Okawaru
  9039 | D:8      | Reached skill level 7 in Fighting
  9253 | D:8      | Found a hazy altar of Hepliaklqana.
  9605 | D:8      | Reached skill level 5 in Evocations
 10523 | D:9      | Reached skill level 5 in Dodging
 10603 | D:9      | Found Cekhifolit's Distillery.
 10648 | D:9      | Found a runed translucent door.
 10648 | D:9      | Found a shimmering altar of Xom.
 10648 | D:9      | Noticed a +0 trident of chaos
 10648 | D:9      | Noticed Nuaczokh's ghost (novice MiFi)
 10932 | D:9      | Reached XP level 11. HP: 63/68 MP: 14/14
 11087 | D:10     | Entered Level 10 of the Dungeon
 11104 | D:10     | Noticed a purple ugly thing
 11125 | D:10     | Killed a purple ugly thing
 11161 | D:10     | Reached skill level 8 in Fighting
 11388 | D:10     | Reached ***** piety under Okawaru
 12116 | D:10     | Received a gift from Okawaru
 12254 | D:11     | Noticed a cyclops
 12273 | D:11     | Killed a cyclops
 12552 | D:11     | Found a runed translucent gate.
 12552 | D:11     | Found a runed translucent gate.
 12552 | D:11     | Found a runed translucent gate.
 12554 | D:11     | Noticed frimble's ghost (journeyman HOFi)
 12556 | D:11     | Identified the +4 whip of Pain and Death {chaos, Int+4}
 12623 | D:11     | Found Maikips's General Store.
 12638 | D:11     | Noticed a cyclops
 12652 | D:11     | Killed a cyclops
 12774 | D:11     | Noticed Maurice
 12831 | D:11     | Reached skill level 9 in Fighting
 12853 | D:11     | Killed Maurice
 13461 | D:11     | Reached skill level 5 in Invocations
 13508 | D:11     | Found a staircase to the Lair.
 13566 | D:11     | Received a gift from Okawaru
 13849 | Lair:1   | Entered Level 1 of the Lair of Beasts
 13916 | Lair:1   | Reached XP level 12. HP: 51/76 MP: 16/16
 14109 | Lair:1   | Noticed a four-headed hydra
 14124 | Lair:1   | Killed a four-headed hydra
 14351 | Lair:1   | Noticed an eight-headed hydra
 14361 | Lair:1   | Killed an eight-headed hydra
 14580 | Lair:1   | Found a runed translucent door.
 14581 | Lair:1   | Noticed Sammaje's ghost (novice MiBe)
 14747 | Lair:1   | Noticed Harold
 14766 | Lair:1   | Killed Harold
 15096 | Lair:2   | Reached skill level 10 in Fighting
 15397 | Lair:2   | Noticed Sonja
 15398 | Lair:2   | Noticed Sonja
 15398 | Lair:2   | Sonja changed into Sonja the troll
 15400 | Lair:2   | Noticed Sonja
 15400 | Lair:2   | Sonja the troll changed into Sonja the hornet
 15415 | Lair:2   | Killed Sonja the hornet
 15415 | Lair:2   | Reached ****** piety under Okawaru
 15709 | Lair:2   | Received a gift from Okawaru
 15712 | Lair:2   | Got a transparent ring mail {god gift}
 15956 | Lair:2   | Identified the +3 ring mail "Zixoc" {-Cast +Blink rCorr}
                  | (Okawaru gifted it to you on level 2 of the Lair of Beasts)
 16961 | Lair:3   | Noticed an eight-headed hydra
 16973 | Lair:3   | Killed an eight-headed hydra
 17471 | Lair:4   | Noticed a death yak
 17471 | Lair:4   | Noticed a death yak
 17471 | Lair:4   | Noticed a death yak
 17472 | Lair:4   | Noticed a death yak
 17503 | Lair:4   | Noticed a death yak
 17504 | Lair:4   | Killed a death yak
 17504 | Lair:4   | Reached XP level 13. HP: 72/84 MP: 13/18
 17511 | Lair:4   | Reached skill level 11 in Fighting
 17880 | Lair:4   | Found a hole to the Spider Nest.
 18577 | Lair:4   | Found a staircase to the Swamp.
 19201 | Lair:5   | Received a gift from Okawaru
 19211 | Lair:5   | Got a polished ring mail {god gift}
 19212 | Lair:5   | Identified the +0 ring mail of the Moon {+Fly rC+ SInv}
                  | (Okawaru gifted it to you on level 5 of the Lair of Beasts)
 19846 | Lair:5   | Found a staircase to the Slime Pits.
 20218 | Lair:6   | Entered Level 6 of the Lair of Beasts
 20558 | Lair:6   | Reached skill level 12 in Fighting
 20942 | Lair:6   | Gained mutation: Your large and strong wings let you fly
                  | indefinitely. [Gargoyle growth]
 20942 | Lair:6   | Reached XP level 14. HP: 92/92 MP: 19/19
 21664 | Lair:6   | Received a gift from Okawaru
 21697 | Lair:6   | Reached skill level 10 in Armour
 23505 | Lair:6   | Reached skill level 13 in Fighting
 23812 | D:12     | Received a gift from Okawaru
 23812 | D:12     | Reached skill level 10 in Dodging
 24202 | D:12     | Found a staircase to the Orcish Mines.
 24888 | Orc:1    | Entered Level 1 of the Orcish Mines
 24888 | Orc:1    | Found a runed translucent door.
 24891 | Orc:1    | You fall into a shaft and drop 1 floor!
 24891 | Orc:2    | Entered Level 2 of the Orcish Mines
 25202 | Orc:2    | Found a staircase to the Elven Halls.
 25282 | Orc:2    | Found Sotzil's Armour Shop.
 25370 | Orc:2    | Found Ygiongue's Distillery.
 25419 | Orc:2    | Reached XP level 15. HP: 91/99 MP: 13/21
 25614 | Orc:2    | Found Ocutyopo's Armour Shop.
 25616 | Orc:2    | Found Qofi's Assorted Antiques.
 25638 | Orc:2    | Found Piyc's General Store.
 26056 | Orc:1    | Paralysed by an orc sorcerer for 5 turns
 26578 | Orc:1    | Found the +10 large shield of Ignorance {rN+ Int-4}
 26600 | Orc:1    | Found a runed translucent door.
 26660 | Orc:1    | Found Xewilus's Antique Weapon Shop.
 27066 | Lair:6   | Got a pair of slimy boots {god gift}
 27363 | D:4      | Bought a scroll of identify for 22 gold pieces
 27363 | D:4      | Identified the +0 pair of boots of Imperfection {rPois
                  | Regen+} (Okawaru gifted it to you on level 6 of the Lair of
                  | Beasts)
 27632 | D:13     | You fall into a shaft and drop 1 floor!
 27775 | D:13     | Received a gift from Okawaru
 28685 | D:14     | Reached skill level 14 in Fighting
 28749 | D:14     | Found a gate to the Vaults.
 29030 | D:14     | Found a white marble altar of Elyvilon.
 29251 | D:14     | Received a gift from Okawaru
 29254 | D:14     | Got an iridescent dire flail {god gift}
 29255 | D:14     | Identified the +2 dire flail of the Median {crush, rPois
                  | Str+2 Dex-5 Stlth+} (Okawaru gifted it to you on level 14
                  | of the Dungeon)
 29292 | D:15     | Entered Level 15 of the Dungeon
 29497 | D:15     | Got a coiled silver ring
 30040 | D:15     | Paralysed by a floating eye for 2 turns
 30055 | D:15     | Found an ancient bone altar of Kikubaaqudgha.
 30092 | D:15     | Reached XP level 16. HP: 103/107 MP: 23/23
 30149 | D:15     | Found Moint's Antique Armour Boutique.
 30456 | D:15     | Identified the ring "Zegaet" {rPois rC- MR+ Str+3 Dex+4}
                  | (You found it on level 15 of the Dungeon)
 30735 | Swamp:1  | Entered Level 1 of the Swamp
 30818 | Swamp:1  | Received a gift from Okawaru
 31210 | Swamp:1  | You are sucked into a shaft and drop 1 floor!
 31459 | Swamp:2  | Noticed Kirke
 31473 | Swamp:2  | Noticed a sphinx
 31486 | Swamp:2  | Slain by a harpy

Levels and vault maps discovered:
D:1:      saegor_arrival_simple_d, layout_basic, minmay_pentomino_x4
D:2:      layout_basic, first_ration, minivault_24, kennysheep_cross_room,
          kennysheep_generic_room_14
D:3:      layout_basic, due_unseen_surprise
D:4:      layout_gridville, nicolae_overflow_crystal_walls,
          portal_sewer_entry_b, serial_shops, shop, shop, shop, shop,
          minmay_door_square
D:5:      kennysheep_kobold_camp, layout_layer_cave, lemuel_round_altar,
          old_standard_altar, uniq_prince_ribbit1, uniq_sigmund,
          uniq_blork_the_orc, uniq_menkaure
D:6:      layout_loops_ring, nicolae_ossuary_entry_ruins,
          nicolae_dithmenos_through_a_glass_darkly
D:7:      cheibrodos_two_vegetables, layout_loops_cross,
          chequers_temple_overflow_statue_of_worship, zin_scriptorium,
          temple_fountains
D:8:      layout_loops_corners, marbit_many_paths
D:9:      layout_long_grid, ebering_ghost_xom, serial_shops, shop
D:10:     layout_loops_ring
D:11:     layout_rooms, erik_lair_dragon, gammafunk_ghost_nasty_kobolds,
          serial_shops, shop_fountains, uniq_maurice
D:12:     layout_long_grid
D:13:     layout_roguey, david_nohive_1
D:14:     layout_loops_ring, skrybe_vaults_entry_preservation, elyvilon_altar_1,
          lemuel_nasty_fountain
D:15:     hangedman_depths_entry_try_elsewhere_first, layout_cave_pods,
          serial_shops, shop_statue, grunt_decor_one_mirror,
          lemuel_hellish_altar
Lair:1:   layout_chaotic_city, ebering_ghost_reflecting_pool,
          lemuel_fruit_fields, grunt_megastairs_5, uniq_harold
Lair:2:   layout_roguey, mumra_transporter_accident, minmay_lair_oklob_chamber,
          uniq_sonja
Lair:3:   layout_chaotic_city, chequers_serial_rivers_marsh
Lair:4:   layout_regular_city, swamp_mist_pool, spider_nest_entry_webs,
          serial_bayou_shore_b, grunt_megastairs_4
Lair:5:   layout_small_grid, minmay_slime_entry_oklob_enclosed,
          beast_lair_carwin_11
Lair:6:   minmay_lair_end_enchanted_forest, layout_long_grid,
          minmay_shattered_shrine, lemuel_fruit_tree
Swamp:1:  layout_falls_marsh, evilmike_swamp_ruin_house_1
Swamp:2:  layout_basic_swamp, evilmike_swamp_ruin_house_3, uniq_kirke
Orc:1:    layout_diamond_mine, serial_shops, nicolae_shop_behind_doors,
          chequers_guarded_unrand_ignorance
Orc:2:    st_orc_open, layout_caves, serial_shops, nicolae_shop_stone

Skill      XL: |  1  2  3  4  5  6  7  8  9 10 11 12 13 14 15 |
---------------+----------------------------------------------+-----
Armour         | 1 2 3 4 5 6 7 8 9 10 11 | 11.6
Maces & Flails | 4 5 6 8 10 11 12 13 | 13.8
Evocations     | 1 2 3 4 5 6 7 8 9 |  9.6
Dodging        | 3 4 5 6 7 9 10 11 | 11.3
Fighting       | 4 5 7 9 10 12 13 14 | 14.5
Invocations    | 1 3 5 6 7 8 9 |  9.9
Stealth        | |  2.1

Action                   |  1- 3 |  4- 6 |  7- 9 | 10-12 | 13-15 | 16-18 || total
-------------------------+-------+-------+-------+-------+-------+-------++-------
Melee: Mace              |    59 |       |       |       |       |       ||    59
       Whip              |    86 |   191 |   751 |   367 |       |       ||  1395
       Punch             |       |       |     1 |     4 |       |       ||     5
       Morningstar       |       |       |       |   330 |       |       ||   330
       Great mace        |       |       |       |    31 |  1730 |   238 ||  1999
       Flail             |       |       |       |   225 |       |       ||   225
       Dire flail        |       |       |       |   399 |   100 |       ||   499
Invok: Heroism           |       |       |     3 |    11 |    15 |     1 ||    30
       Finesse           |       |       |       |     2 |     5 |     3 ||    10
 Abil: Evoke Berserk Rag |       |       |     2 |     3 |     1 |     1 ||     7
       Fly               |       |       |       |       |     1 |       ||     1
Evoke: Wand              |       |       |     5 |    26 |    40 |     7 ||    78
  Use: Potion            |       |     5 |     6 |     4 |    18 |       ||    33
       Scroll            |       |     3 |       |    17 |    11 |     6 ||    37
 Stab: Invisible         |       |       |       |       |     8 |       ||     8
       Confused          |       |       |       |       |     3 |       ||     3
  Eat: Chunk             |     3 |     6 |     9 |    26 |    35 |       ||    79
       Ration            |       |       |     2 |     3 |     2 |     2 ||     9
Armor: Robe              |    28 |       |       |       |       |       ||    28
       Scale mail        |    52 |    87 |   235 |       |       |       ||   374
       Plate armour      |       |       |    52 |   957 |  1590 |   211 ||  2810
Dodge: Dodged            |   108 |    88 |   243 |   522 |  1128 |   182 ||  2271
Block: Other             |       |       |       |       |    24 |       ||    24
